 Dungeon Crawl Stone Soup version 0.32-a0-893-gf85d74f360 (webtiles) character file.

Game seed: 4893624901306747970

2331 GiantSquids the Skirmisher (level 9, -18/67 HPs)
             Began as a Coglin Hunter on Apr 3, 2024.
             Was a High Priest of Ignis.
             Demolished by a two-headed ogre
             ... wielding a +0 giant club
              (23 damage)
             ... on level 8 of the Dungeon.
             The game lasted 00:08:36 (6824 turns).

GiantSquids the Skirmisher (Coglin Hunter)          Turns: 6824, Time: 00:08:36

Health: -18/67     AC:  5    Str: 12    XL:     9   Next: 42%
Magic:  9/9        EV: 11    Int:  8    God:    Ignis [*****.]
Gold:   340        SH:  0    Dex: 22    Spells: 8/8 levels left

rFire   + . .        a - +2 sling {Wei}
rCold   . . .        d - +0 sling {Bo}
rNeg    . . .        c - +0 leather armour
rPois   .            p - +2 hat
rElec   .            (no cloak)
rCorr   .            (no gloves)
SInv    .            (no boots)
Will    .....        (amulet unavailable)
Stlth   ++           (ring unavailable)
HPRegen 0.31/turn    (ring unavailable)
MPRegen 0.11/turn    (no gizmo)

%: no passive effects
@: revved
A: off-hand wielding, slow wielding, warmup strikes, no jewellery, horns 1,
robust 1
a: Invent Gizmo, Renounce Religion, Fiery Armour, Foxfire Swarm, Rising Flame


You were on level 8 of the Dungeon.
You worshipped Ignis.
Ignis was extremely pleased with you.
You visited 1 branch of the dungeon, and saw 8 of its levels.

You collected 340 gold pieces.

Inventory:

Hand Weapons
 a - a +2 sling (weapon) {Wei}
 d - a +0 sling (offhand) {Bo}
 v - the +9 dagger of Dishonour {spect, rN+ Dex+2 SInv}
   (You found it on level 5 of the Dungeon)

   Dex+2:     It affects your dexterity (+2).
   rN+:       It protects you from negative energy.
   SInv:      It lets you see invisible.
Missiles
 y - a throwing net
Armour
 c - a +0 leather armour (worn)
 p - a +2 hat (worn)
Scrolls
 b - a scroll of butterflies
 f - 2 scrolls of poison
 h - a scroll of vulnerability {unknown}
 j - 2 scrolls of immolation {unknown}
 k - a scroll of fog {unknown}
 m - a scroll of silence {unknown}
 n - a scroll of teleportation {unknown}
 o - 4 scrolls of identify {unknown}
 r - a scroll of blinking {unknown}
 x - a scroll of revelation {unknown}
 z - a scroll of enchant weapon {unknown}
 A - a scroll of amnesia {unknown}
Potions
 e - 2 potions of lignification {unknown}
 g - a potion of mutation
 i - 2 potions of curing
 l - a potion of attraction {unknown}
 q - 2 potions of might {unknown}
 s - a potion of cancellation {unknown}
 t - a potion of berserk rage {unknown}
 u - 4 potions of enlightenment {unknown}
 w - a potion of heal wounds {unknown}


   Skills:
 - Level 2.0 Fighting
 + Level 11.8 Ranged Weapons
 - Level 1.7 Dodging
 - Level 0.7 Stealth


You had 8 spell levels left.
You didn't know any spells.
Your spell library contained the following spells:

 Spells                   Type           Power      Damage    Failure   Level
 Blink                    Tloc           0%         N/A       63%         2
 Ensorcelled Hibernation  Hex/Ice        0%         N/A       63%         2
 Lesser Beckoning         Tloc           0%         N/A       63%         2
 Momentum Strike          Conj/Tloc      0%         3d8       63%         2
 Sublimation of Blood     Necr           0%         N/A       63%         2
 Passwall                 Erth           0%         N/A       86%         3
 Swiftness                Air            0%         N/A       86%         3
 Petrify                  Alch/Erth      0%         N/A       99%         4
 Irradiate                Conj/Alch      0%         3d11      100%        5


Dungeon Overview and Level Annotations

Branches:
Dungeon (8/15)             Temple (0/1) D:7
   Lair: D:8-11

Altars:
Cheibriados
Dithmenos
Elyvilon
Fedhas
Ru
Sif Muna
Wu Jian
Yredelemnul
Zin
The Shining One
Ignis

Annotations:
D:3 Grinder


Innate Abilities, Weirdness & Mutations

You can wield a second weapon in your off-hand.
It takes a long time for you to wield or remove held weapons.
Your first few attacks do less damage.
You cannot equip rings or amulets.
You have a pair of small horns on your head.
You are robust. (+10% HP)


Message History

You shoot a sling bullet.
The sling bullet barely misses the two-headed ogre.
You shoot a sling bullet.
The sling bullet barely misses the two-headed ogre.
You shoot a sling bullet.
The sling bullet hits the two-headed ogre but does no damage.
The two-headed ogre is moderately wounded.
You shoot a sling bullet.
The sling bullet hits the two-headed ogre but does no damage.
The two-headed ogre is moderately wounded.
You shoot a sling bullet.
The sling bullet barely misses the two-headed ogre.
You shoot a sling bullet.
The sling bullet hits the two-headed ogre!
The two-headed ogre is moderately wounded.
The two-headed ogre hits you with a +0 giant club!
The two-headed ogre barely misses you.
You shoot a sling bullet.
The sling bullet hits the two-headed ogre!
The two-headed ogre is heavily wounded.
You shoot a sling bullet.
The sling bullet hits the two-headed ogre but does no damage.
The two-headed ogre is heavily wounded.
You shoot a sling bullet.
The sling bullet hits the two-headed ogre.
The two-headed ogre is severely wounded.
You shoot a sling bullet.
The sling bullet barely misses the two-headed ogre.
The two-headed ogre hits you with a +0 giant club!! x2
* * * LOW HITPOINT WARNING * * *
You shoot a sling bullet.
The sling bullet hits the two-headed ogre!
The two-headed ogre is severely wounded.
You shoot a sling bullet.
The sling bullet hits the two-headed ogre.
The two-headed ogre is severely wounded.
The two-headed ogre barely misses you.
The two-headed ogre hits you with a +0 giant club!!
You die...
Ignis goes out, and joins you in death.

#.###.# #.# #.#
#.# #.# #<# #.#
#.# #.# #.# #.#
#.# #.# #.# #.#
##.## #.# #.. ...
.#####.# ### #O#
.......## #@#
........# #.#
..#####.########.#
. #..........#
############


You could see a two-headed ogre.

Vanquished Creatures
  Sigmund (D:2)
  A wyvern (D:7)
  A water moccasin (D:7)
  3 ice beasts (D:7)
  2 sky beasts (D:7)
  An ogre (D:6)
  2 bullfrogs (D:7)
  3 scorpions
  4 killer bees
  A howler monkey (D:5)
  6 jellies
  A hound (D:6)
  A gnoll bouda (D:6)
  An orc priest (D:7)
  2 iguanas
  3 sleepcaps
  7 adders
  25 gnolls
  2 shadow imps
  3 white imps
  2 ufetubi (D:5)
  An adder zombie (D:3)
  3 dart slugs
  12 orcs
  4 endoplasms
  8 giant cockroaches
  6 goblins
  4 hobgoblins
  11 jackals
  6 quokkas
  9 ball pythons
  4 bats
  8 frilled lizards (D:1)
  7 kobolds
  A quokka zombie (D:3)
  6 rats
162 creatures vanquished.

Notes
Turn   | Place    | Note
-------+----------+-------------------------------------------
     0 | D:1      | GiantSquids the Coglin Hunter began the quest for the Orb.
     0 | D:1      | Reached XP level 1. HP: 16/16 MP: 1/1
    74 | D:1      | Found a faded altar of an unknown god.
    90 | D:1      | Prayed at the altar of an unknown god.
    90 | D:1      | Became a worshipper of Ignis, the Dying Flame
   121 | D:1      | Reached skill level 4 in Ranged Weapons
   121 | D:1      | Reached XP level 2. HP: 22/22 MP: 2/2
   315 | D:1      | Reached XP level 3. HP: 27/27 MP: 3/3
   751 | D:2      | Reached skill level 5 in Ranged Weapons
   751 | D:2      | Reached XP level 4. HP: 33/33 MP: 4/4
   955 | D:2      | Noticed Sigmund
   964 | D:2      | Killed Sigmund
   965 | D:2      | Reached skill level 6 in Ranged Weapons
   965 | D:2      | Reached XP level 5. HP: 4/38 MP: 5/5
   965 | D:2      | Reached XP level 6. HP: 4/44 MP: 6/6
  2031 | D:3      | Reached skill level 7 in Ranged Weapons
  2362 | D:3      | Found a basalt altar of Yredelemnul.
  2577 | D:3      | Found a snail-covered altar of Cheibriados.
  2692 | D:3      | Noticed Grinder
  2812 | D:4      | Reached XP level 7. HP: 37/50 MP: 7/7
  3091 | D:4      | Found a shadowy altar of Dithmenos.
  3293 | D:4      | Found a blossoming altar of Fedhas.
  3368 | D:4      | Found an ornate altar of the Wu Jian Council.
  3677 | D:5      | Entered Level 5 of the Dungeon
  3758 | D:5      | Reached skill level 8 in Ranged Weapons
  3762 | D:5      | You fall into a shaft and drop 2 floors!
  4080 | D:7      | Found a staircase to the Ecumenical Temple.
  4123 | D:7      | Reached skill level 9 in Ranged Weapons
  4123 | D:7      | Reached XP level 8. HP: 52/56 MP: 8/8
  4406 | D:5      | Identified the +9 dagger of Dishonour {spect, rN+ Dex+2
                  | SInv}
  4465 | D:5      | Found a shimmering blue altar of Sif Muna.
  4553 | D:5      | Found a white marble altar of Elyvilon.
  4553 | D:5      | Found a glowing golden altar of the Shining One.
  4553 | D:5      | Found a glowing silver altar of Zin.
  4895 | D:5      | Gained mutation: You have a pair of small horns on your
                  | head. [potion of mutation]
  4895 | D:5      | Gained mutation: You are robust. (+10% HP) [potion of
                  | mutation]
  4897 | D:5      | Reached skill level 10 in Ranged Weapons
  4898 | D:5      | HP: 2/61 [killer bee (3)]
  5327 | D:6      | Found a sacrificial altar of Ru.
  5371 | D:6      | Reached XP level 9. HP: 35/67 MP: 9/9
  5659 | D:6      | Reached skill level 11 in Ranged Weapons
  6812 | D:8      | Noticed a two-headed ogre
  6824 | D:8      | Demolished by a two-headed ogre

Illustrated notes

Levels and vault maps discovered:
D:1:      wander_arrival_lonely_grave, layout_basic,
          hellmonk_ecumenical_altar_crossroads, minmay_lizard_pond
D:2:      layout_basic, minmay_tall_x, uniq_sigmund
D:3:      layout_rooms, lemuel_zombie_altar_yredelemnul,
          mainiacjoe_overflow_alcove_4, kennysheep_generic_room_15, uniq_grinder
D:4:      layout_layer_cave, lemuel_tele_altar,
          pdpol_wu_jian_five_deadly_venoms, lemuel_round_altar
D:5:      layout_rooms, dreamdust_divine_triumvirate,
          nicolae_sif_muna_little_library, minmay_misc_feat_more_columns,
          minmay_misc_feat_secret_circle, chequers_garden
D:6:      layout_layer_cave, mainiacjoe_overflow_24_doors
D:7:      layout_loops_corners, minmay_temple_entry_gardened_gates
D:8:      gammafunk_sealed_arena, layout_loops_ring, uniq_pikel

Skill      XL: |  1  2  3  4  5  6  7  8  9 |
---------------+----------------------------+-----
Ranged Weapons | 4 5 6 7 9 10 11 | 11.8
Fighting       | |  2.0
Dodging        | |  1.7
Stealth        | |  0.7

Action                     |  1- 3 |  4- 6 |  7- 9 || total
---------------------------+-------+-------+-------++-------
   Fire: Sling             |   134 |   282 |   612 ||  1028
    Use: Potion            |       |       |     3 ||     3
         Scroll            |       |       |     1 ||     1
 Armour: Leather armour    |     6 |    25 |    95 ||   126
  Dodge: Dodged            |     7 |    23 |    71 ||   101

Table legend: (Time is in decaauts)
 A = Elapsed time spent in this place.
 B = Non-inter-level travel time spent in this place.
 C = Inter-level travel time spent in this place.
 D = Time resting spent in this place.
 E = Time spent auto-exploring this place.
 F = Levels seen in this place.
 G = Mean time per level.
                   A        B        C        D        E       F      G
               +--------+--------+--------+--------+--------+-----+--------+
         Total |   6841 |   6567 |    274 |    813 |   4889 |   8 |  855.1 |
       Dungeon |   6841 |   6567 |    274 |    813 |   4889 |   8 |  855.1 |
               +--------+--------+--------+--------+--------+-----+--------+

Top non-repeatable levels by time:
     D:7: 1345 daAuts
     D:2: 1260 daAuts
     D:4: 956 daAuts
     D:5: 892 daAuts
     D:6: 853 daAuts
     D:1: 782 daAuts
     D:3: 708 daAuts
     D:8: 43 daAuts
